[ AOE2 MATCH · #506045114 ]
UnrankedTupi vs Aztecs
Player's team · WIN
Rival team · LOSS
[ REPLAY ANALYSIS · EXTRACTED FROM THE RECORDED GAME ]
Feudal
14:31
Castle
24:16
Imperial
—
| APM avg | 46.0 |
| APM peak | 80 |
| eAPM avg | 22.1 |
| Villagers / military | 46 / 0 |
Focus
⚔️ 18.0% · 🌾 82.0%
Unknown (2582) ×1
Feudal
9:43
Castle
—
Imperial
—
| APM avg | 59.2 |
| APM peak | 96 |
| eAPM avg | 26.1 |
| Villagers / military | 42 / 18 |
Focus
⚔️ 31.9% · 🌾 68.1%
Archer ×16 · Eagle Scout ×2
Match map
Initial resources + every placement click. Lines = walls · curves = elevation contours. ◆ gold · ⬟ stone · ● berries · ✦ relic · ◌ wall gap
Your base· Open — unwalled flank
JLoops's base· Open — unwalled flank
Smoothed initial terrain · ◌ = detected wall gap · hover for details
Inputs per minute
— TE MS MOE - - JLoops
Build order — TE MS MOE
101 actions detected in the replay
| 0:01 | Queue | Villager (Male) |
| 0:02 | Build | House |
| 0:02 | Build | House |
| 0:10 | Queue | Villager (Male) |
| 0:17 | Queue | Villager (Male) |
| 0:21 | Queue | Villager (Male) |
| 0:21 | Queue | Villager (Male) |
| 1:03 | Queue | Villager (Male) |
| 1:03 | Queue | Villager (Male) |
| 1:46 | Queue | Villager (Male) |
| 1:47 | Queue | Villager (Male) |
| 2:15 | Build | Settlement |
| 2:25 | Queue | Villager (Male) |
| 2:25 | Queue | Villager (Male) |
| 2:25 | Queue | Villager (Male) |
| 3:16 | Queue | Villager (Male) |
| 3:16 | Queue | Villager (Male) |
| 3:16 | Queue | Villager (Male) |
| 4:08 | Queue | Villager (Male) |
| 4:21 | Queue | Villager (Male) |
| 4:23 | Research | Loom |
| 4:23 | Research | Loom |
| 5:03 | Queue | Villager (Male) |
| 5:03 | Queue | Villager (Male) |
| 5:03 | Queue | Villager (Male) |
| 5:22 | Queue | Villager (Male) |
| 5:22 | Queue | Villager (Male) |
| 5:22 | Queue | Villager (Male) |
| 5:22 | Queue | Villager (Male) |
| 6:23 | Build | House |
| 6:48 | Build | Town Center |
| 7:12 | Build | Palisade Wall |
| 7:35 | Queue | Villager (Male) |
| 7:36 | Queue | Villager (Male) |
| 7:36 | Queue | Villager (Male) |
| 7:36 | Queue | Villager (Male) |
| 8:16 | Build | Palisade Wall |
| 8:41 | Build | House |
| 8:48 | Queue | Villager (Male) |
| 9:11 | Queue | Villager (Male) |
| 9:11 | Queue | Villager (Male) |
| 9:11 | Queue | Villager (Male) |
| 9:13 | Build | Palisade Wall |
| 9:23 | Build | Palisade Wall |
| 9:25 | Queue | Villager (Male) |
| 10:02 | Queue | Villager (Male) |
| 10:14 | Build | House |
| 10:39 | Queue | Villager (Male) |
| 10:51 | Build | Settlement |
| 10:54 | Queue | Villager (Male) |
| 11:23 | Queue | Villager (Male) |
| 12:01 | Queue | Villager (Male) |
| 12:21 | Research | Feudal Age |
| 12:21 | Research | Feudal Age |
| 13:28 | Build | Settlement |
| 14:16 | Build | House |
| 14:31 | Age | Feudal Age |
| 14:37 | Build | Watch Tower |
| 14:40 | Research | Town Watch |
| 14:44 | Build | Settlement |
| 14:53 | Queue | Villager (Male) |
| 15:00 | Research | Double-Bit Axe |
| 15:26 | Queue | Villager (Male) |
| 15:41 | Build | Barracks |
| 15:58 | Queue | Villager (Male) |
| 16:25 | Queue | Villager (Male) |
| 16:30 | Build | Market |
| 16:35 | Queue | Villager (Male) |
| 16:51 | Build | Farm |
| 16:52 | Build | Farm |
| 16:55 | Build | Farm |
| 17:02 | Queue | Villager (Male) |
| 17:29 | Build | Farm |
| 17:29 | Build | Farm |
| 17:30 | Build | Farm |
| 17:32 | Build | Farm |
| 17:39 | Queue | Villager (Male) |
| 17:50 | Build | Watch Tower |
| 18:17 | Queue | Villager (Male) |
| 18:20 | Build | Farm |
| 18:25 | Build | Farm |
| 18:40 | Build | Watch Tower |
| 19:30 | Build | Farm |
| 20:03 | Build | Blacksmith |
| 20:16 | Build | Watch Tower |
| 20:37 | Research | Fletching |
| 21:36 | Research | Castle Age |
| 22:02 | Build | Farm |
| 22:03 | Build | Farm |
| 22:21 | Build | Watch Tower |
| 23:29 | Build | Watch Tower |
| 23:55 | Research | Scale Mail Armor |
| 23:56 | Research | Scale Mail Armor |
| 23:57 | Build | Barracks |
| 23:59 | Build | Barracks |
| 24:16 | Age | Castle Age |
| 24:17 | Build | Watch Tower |
| 24:24 | Research | Bodkin Arrow |
| 24:24 | Research | Bodkin Arrow |
| 24:33 | Research | Squires |
| 24:37 | Queue | Unit 2582 |
Build order — JLoops
132 actions detected in the replay
| 0:01 | Queue | Villager (Male) |
| 0:01 | Queue | Villager (Male) |
| 0:02 | Build | House |
| 0:04 | Build | House |
| 0:16 | Queue | Villager (Male) |
| 0:16 | Queue | Villager (Male) |
| 1:22 | Queue | Villager (Male) |
| 1:50 | Queue | Villager (Male) |
| 1:57 | Build | Lumber Camp |
| 2:19 | Queue | Villager (Male) |
| 2:19 | Queue | Villager (Male) |
| 2:44 | Queue | Villager (Male) |
| 3:03 | Queue | Villager (Male) |
| 3:25 | Build | House |
| 3:41 | Queue | Villager (Male) |
| 3:55 | Queue | Villager (Male) |
| 4:20 | Queue | Villager (Male) |
| 4:43 | Queue | Villager (Male) |
| 4:57 | Queue | Villager (Male) |
| 5:09 | Build | Barracks |
| 5:22 | Queue | Villager (Male) |
| 6:02 | Build | House |
| 6:08 | Research | Loom |
| 6:47 | Queue | Villager (Male) |
| 7:14 | Build | House |
| 7:15 | Build | Palisade Wall |
| 7:19 | Build | House |
| 7:21 | Build | Palisade Wall |
| 7:24 | Build | Palisade Wall |
| 7:26 | Build | House |
| 7:33 | Research | Feudal Age |
| 8:24 | Build | Palisade Wall |
| 8:38 | Build | Mill |
| 8:42 | Build | Palisade Wall |
| 8:45 | Build | Palisade Wall |
| 8:51 | Build | Palisade Wall |
| 8:52 | Build | Palisade Wall |
| 8:52 | Build | Palisade Wall |
| 9:43 | Age | Feudal Age |
| 9:59 | Queue | Eagle Scout |
| 10:00 | Queue | Eagle Scout |
| 10:35 | Build | Palisade Wall |
| 10:36 | Build | Palisade Wall |
| 10:36 | Build | Palisade Wall |
| 11:58 | Build | Town Center |
| 12:48 | Build | Farm |
| 13:30 | Build | Farm |
| 13:30 | Queue | Villager (Male) |
| 13:50 | Queue | Villager (Male) |
| 13:51 | Research | Town Watch |
| 14:05 | Build | Farm |
| 14:11 | Build | Archery Range |
| 14:13 | Queue | Villager (Male) |
| 14:17 | Build | Mining Camp |
| 14:27 | Queue | Villager (Male) |
| 14:32 | Research | Double-Bit Axe |
| 14:53 | Build | Palisade Wall |
| 14:56 | Build | Palisade Wall |
| 14:57 | Build | Palisade Wall |
| 15:42 | Queue | Villager (Male) |
| 15:46 | Build | Farm |
| 16:03 | Build | Farm |
| 16:09 | Build | Farm |
| 16:09 | Queue | Villager (Male) |
| 16:11 | Queue | Villager (Male) |
| 16:47 | Build | Watch Tower |
| 17:03 | Build | Farm |
| 17:10 | Queue | Archer |
| 17:11 | Queue | Archer |
| 17:13 | Build | House |
| 17:15 | Build | Palisade Wall |
| 17:16 | Build | Palisade Wall |
| 17:21 | Build | Palisade Wall |
| 17:29 | Queue | Villager (Male) ×2 |
| 17:35 | Queue | Archer |
| 17:35 | Queue | Archer |
| 17:38 | Build | House |
| 18:03 | Build | Palisade Wall |
| 18:05 | Build | House |
| 18:10 | Queue | Archer |
| 18:22 | Build | Watch Tower |
| 18:26 | Queue | Archer |
| 18:34 | Queue | Villager (Male) |
| 18:35 | Queue | Archer |
| 18:42 | Build | Palisade Gate |
| 19:00 | Queue | Villager (Male) |
| 19:05 | Queue | Archer |
| 19:09 | Queue | Villager (Male) |
| 19:19 | Build | Farm |
| 19:23 | Queue | Villager (Male) |
| 19:44 | Build | Outpost |
| 19:49 | Queue | Villager (Male) |
| 19:57 | Build | Farm |
| 20:00 | Build | Farm |
| 20:09 | Build | Watch Tower |
| 20:12 | Queue | Villager (Male) |
| 20:19 | Build | House |
| 20:23 | Build | House |
| 20:35 | Queue | Villager (Male) |
| 20:42 | Build | House |
| 20:48 | Build | Farm |
| 21:02 | Queue | Villager (Male) |
| 21:08 | Queue | Archer |
| 21:28 | Queue | Archer |
| 21:37 | Build | House |
| 21:38 | Queue | Villager (Male) |
| 21:42 | Build | Farm |
| 21:43 | Build | Farm |
| 21:45 | Queue | Archer |
| 21:50 | Queue | Villager (Male) |
| 21:53 | Build | Watch Tower |
| 22:01 | Queue | Archer |
| 22:06 | Queue | Archer |
| 22:12 | Build | House |
| 22:15 | Queue | Villager (Male) |
| 22:31 | Queue | Villager (Male) |
| 22:33 | Build | Farm |
| 22:43 | Queue | Archer |
| 23:01 | Build | House |
| 23:06 | Queue | Archer |
| 23:09 | Build | Farm |
| 23:10 | Queue | Villager (Male) |
| 23:17 | Build | Watch Tower |
| 23:28 | Queue | Villager (Male) |
| 23:34 | Build | House |
| 23:41 | Build | Watch Tower |
| 23:43 | Build | House |
| 23:51 | Build | Mill |
| 23:54 | Queue | Villager (Male) |
| 23:56 | Queue | Archer |
| 24:19 | Build | Farm |
| 24:29 | Queue | Villager (Male) |
Match timeline
| 5:09 | JLoops · first_building Barracks |
| 7:12 | TE MS MOE · wall_segment Palisade Wall x1 |
| 7:15 | JLoops · wall_segment Palisade Wall x1 |
| 7:21 | JLoops · wall_segment Palisade Wall x2 |
| 7:24 | JLoops · wall_segment Palisade Wall x1 |
| 8:16 | TE MS MOE · wall_segment Palisade Wall x1 |
| 8:24 | JLoops · wall_segment Palisade Wall x1 |
| 8:42 | JLoops · wall_segment Palisade Wall x1 |
| 8:45 | JLoops · wall_segment Palisade Wall x2 |
| 8:51 | JLoops · wall_segment Palisade Wall x2 |
| 8:52 | JLoops · wall_segment Palisade Wall x1 |
| 8:52 | JLoops · wall_segment Palisade Wall x1 |
| 9:13 | TE MS MOE · wall_segment Palisade Wall x1 |
| 9:23 | TE MS MOE · wall_segment Palisade Wall x1 |
| 9:43 | JLoops · age_up feudal |
| 10:35 | JLoops · wall_segment Palisade Wall x1 |
| 10:36 | JLoops · wall_segment Palisade Wall x1 |
| 10:36 | JLoops · wall_segment Palisade Wall x1 |
| 14:11 | JLoops · first_building Archery Range |
| 14:31 | TE MS MOE · age_up feudal |
| 14:53 | JLoops · wall_segment Palisade Wall x1 |
| 14:56 | JLoops · wall_segment Palisade Wall x1 |
| 14:57 | JLoops · wall_segment Palisade Wall x1 |
| 15:41 | TE MS MOE · first_building Barracks |
| 17:15 | JLoops · wall_segment Palisade Wall x1 |
| 17:16 | JLoops · wall_segment Palisade Wall x1 |
| 17:21 | JLoops · wall_segment Palisade Wall x1 |
| 18:03 | JLoops · wall_segment Palisade Wall x1 |
| 18:33 | TE MS MOE · first_market_buy 100 food |
| 24:16 | TE MS MOE · age_up castle |
| 24:41 | JLoops · resign |
[ AI ANALYSIS · 1 CREDIT ]
What really happened in this match?
Wolo.gg analyzes every decision: build order, eco, micro, common mistakes by bracket. Personalized analysis on WhatsApp or Discord in 30 seconds.
Civ guide
Tupi
Perfil
TE MS MOE